 Dungeon Crawl Stone Soup version 0.29.1-1-gd02db6906a (webtiles) character file.

Game seed: 502067042841578055

1075 Godmorgon the Destroyer (level 8, -19/41 HPs)
             Began as a Tengu Conjurer on Oct 13, 2022.
             Killed from afar by an acid dragon (24 damage)
             ... with a splash of acid
             ... on level 4 of the Dungeon.
             The game lasted 00:18:45 (4365 turns).

Godmorgon the Destroyer (Tengu Conjurer)            Turns: 4365, Time: 00:18:45

Health: -19/41     AC:  0    Str:  8    XL:     8   Next: 29%
Magic:  11/15      EV: 14    Int: 21    God:
Gold:   153        SH:  0    Dex: 12    Spells: 9/15 levels left

rFire   . . .      SeeInvis .   a - +1 dagger (venom)
rCold   . . .      Faith    .   (no shield)
rNeg    . . .      Spirit   .   i - +1 animal skin
rPois   .          Reflect  .   (helmet restricted)
rElec   .          Harm     .   q - +0 cloak
rCorr   .          Rampage  .   (no gloves)
Will    .....                   (boots unavailable)
Stlth   ++........              (no amulet)
HPRegen 0.13/turn               (no ring)
MPRegen 0.14/turn               (no ring)

@: corroded, flying quickly and evasively, quick
A: beak, talons 3, nimble flight
a: no special abilities


You were on level 4 of the Dungeon.
You visited 1 branch of the dungeon, and saw 5 of its levels.
You also visited: Sewer.

You collected 153 gold pieces.

Inventory:

Hand Weapons
 a - a +1 dagger of venom (weapon)
 h - a +2 mace of protection
 x - a +0 hand axe of electrocution
Missiles
 p - 13 poisoned darts
 y - 5 curare-tipped darts
Armour
 i - a +1 animal skin (worn)
 q - a +0 cloak (worn)
Wands
 k - a wand of light (2) (quivered)
 v - a wand of roots (12)
Scrolls
 d - 2 scrolls of teleportation {unknown}
 e - a scroll of summoning
 f - 2 scrolls of identify
 j - 2 scrolls of fear {unknown}
 m - a scroll of silence {unknown}
 o - a scroll of magic mapping
 s - a scroll of blinking {unknown}
 w - a scroll of poison {unknown}
 A - 3 scrolls of butterflies {unknown}
 B - a scroll of enchant armour {unknown}
Potions
 b - a potion of magic
 c - 3 potions of curing {unknown}
 g - a potion of attraction {unknown}
 l - 2 potions of flight {unknown}
 n - a potion of mutation {unknown}
 r - a potion of lignification {unknown}
 t - 3 potions of degeneration {unknown}
 u - a potion of ambrosia {unknown}
 z - 2 potions of haste {unknown}
 C - 2 potions of might {unknown}


   Skills:
 - Level 2.1 Dodging
 - Level 2.0 Stealth
 + Level 4.2 Spellcasting
 * Level 9.4 Conjurations
 * Level 5.4 Air Magic
 * Level 4.0 Poison Magic


You had 9 spell levels left.
You knew the following spells:

 Your Spells              Type           Power      Damage    Failure   Level
d - Magic Dart            Conj           100%       1d8       1%          1
m - Mephitic Cloud        Conj/Pois/Air  30%        N/A       2%          3
s - Searing Ray           Conj           86%        2d7       1%          2

Your spell library contained the following spells:

 Spells                   Type           Power      Damage    Failure   Level
 Dazzling Flash           Conj/Hex       48%        N/A       4%          3
 Fulminant Prism          Conj/Hex       12%        3d9       17%         4
 Iskenderun's Mystic Bla  Conj/Tloc      24%        2d7       17%         4
 Call Imp                 Summ           4%         N/A       19%         2


Dungeon Overview and Level Annotations

Branches:
Dungeon (5/15)              Sewer (visited)
 Temple: D:4-7

Altars:
Gozag


Innate Abilities, Weirdness & Mutations

You have a beak for a mouth.
You have claws for feet.
Your magical nature lets you fly swiftly and evasively.


Message History

The acid dragon is lightly wounded.
The acid dragon spits acid at you. The splash of acid hits you!
The acid corrodes you! The acid dragon barely misses you.
The acid dragon claws you.
You fly upwards.
There is a stone staircase leading down here.
Casting: Searing Ray (safe; 1% risk of failure)
Confirm with . or Enter, or press ? or * to list all spells.
Okay, then.
As you read the scroll of summoning, it crumbles to dust.
Wisps of shadow whirl around you... The acid dragon bites you!
* * * LOW HITPOINT WARNING * * *
The acid dragon closely misses you.
Your adder bites the acid dragon.
Your quokka bites the acid dragon.
Your giant cockroach barely misses the acid dragon.
Your quokka bites the acid dragon but does no damage.
Your giant cockroach closely misses the acid dragon.
Casting: Searing Ray (safe; 1% risk of failure)
Confirm with . or Enter, or press ? or * to list all spells.
Aiming: Searing Ray (safe; 1% risk of failure)
Press: ? - help, Shift-Dir - straight line, f - acid dragon
Aim: an acid dragon (moderately wounded, ally target, 82% to hit)
The searing ray hits the acid dragon.
The acid dragon is heavily wounded. (Press . to maintain the ray.)
Your giant cockroach barely misses the acid dragon.
Really fire at your adder?
Okay, then.
You stop channelling your searing ray.
Your adder bites the acid dragon.
The acid dragon closely misses you. The acid dragon claws you.
* * * LOW HITPOINT WARNING * * *
Your giant cockroach closely misses the acid dragon.
Your adder bites the acid dragon.
You hit the acid dragon but do no damage.
Your peck misses the acid dragon.
The acid dragon is severely wounded.
The acid dragon spits acid at you. The splash of acid hits you!!
Ouch! That really hurt!
You die...

*,,,,,,,,* *#...#.#,#,*
*,,,,,,,,####...#.#.#,*
*,,,,,,,,+........#.#,*
*,,,,,,,,**#.##w....#.#
*,,,,,,,,* #.)..#<....#
*,,,,,,,,#####w.#######
********,#......# **
*,#.####.#* ,*
#,#@#,,...#
,********#####.#D#,*####
,,,,,,,,,......BS#,******
*********##.....r.....!.*
#....#+##.##.#*
#....,,,,,..,**** *
#....,,,,,,...,,* *****
#...,,,,,,,,##*,* ,,,,*
#..?,,,,,,,,+,,,*


You could see an acid dragon (catching breath, ally target), a friendly adder
(summoned), a friendly quokka (summoned) and a friendly giant cockroach
(summoned).

Vanquished Creatures
  Grinder (D:3)
  Sigmund (D:2)
  6 kobold brigands (Sewer)
  A scorpion (D:3)
  Natasha (thrice) (D:2)
  Robin (D:2)
  5 adders
  3 river rats (Sewer)
  9 worms
  A dart slug (D:3)
  An orc (D:3)
  10 ball pythons
  5 endoplasms
  5 giant cockroaches
  9 hobgoblins
  3 jackals (D:2)
  A quokka (D:3)
  6 bats
  4 frilled lizards
  16 goblins
  10 kobolds
  9 rats
110 creatures vanquished.

Notes
Turn   | Place    | Note
-------+----------+-------------------------------------------
     0 | D:1      | Godmorgon the Tengu Conjurer began the quest for the Orb.
     0 | D:1      | Reached XP level 1. HP: 10/10 MP: 4/4
   366 | D:1      | Reached XP level 2. HP: 15/15 MP: 3/6
   370 | D:1      | Learned a level 2 spell: Searing Ray
   606 | D:1      | Found a faded altar of an unknown god.
   614 | D:1      | Reached skill level 6 in Conjurations
   915 | D:2      | Reached XP level 3. HP: 19/19 MP: 0/7
  1157 | D:2      | Identified the +1 helmet of Gutwe {Str+3 Int+3}
  1157 | D:2      | Noticed Robin
  1198 | D:2      | Killed Robin
  1213 | D:1      | Reached XP level 4. HP: 20/24 MP: 2/9
  1452 | D:2      | Noticed Natasha
  1457 | D:2      | Killed Natasha
  1458 | D:2      | Reached skill level 7 in Conjurations
  1762 | D:2      | Noticed Natasha
  1768 | D:2      | Killed Natasha
  1769 | D:2      | Gained mutation: Your magical nature lets you fly swiftly
                  | and evasively. [Tengu growth]
  1769 | D:2      | Reached XP level 5. HP: 28/28 MP: 4/10
  1788 | D:2      | Learned a level 3 spell: Mephitic Cloud
  1789 | D:2      | Noticed Natasha
  1790 | D:2      | Noticed Sigmund
  1796 | D:2      | Killed Natasha
  1883 | D:2      | Killed Sigmund
  1884 | D:2      | Reached skill level 8 in Conjurations
  1884 | D:2      | Reached skill level 1 in Poison Magic
  1884 | D:2      | Reached XP level 6. HP: 31/32 MP: 3/12
  2285 | D:3      | Noticed Grinder
  2288 | D:3      | Paralysed by Grinder for 4 turns
  2301 | D:3      | Killed Grinder
  2302 | D:3      | Reached XP level 7. HP: 20/36 MP: 13/13
  2459 | D:3      | Found a glowing drain.
  2476 | D:3      | Found an opulent altar of Gozag.
  2478 | Sewer    | Entered a sewer
  3082 | Sewer    | Reached skill level 9 in Conjurations
  3404 | Sewer    | Reached XP level 8. HP: 41/41 MP: 11/15
  3557 | Sewer    | Reached skill level 5 in Air Magic
  4355 | D:5      | Entered Level 5 of the Dungeon
  4365 | D:4      | Killed from afar by an acid dragon

Illustrated notes

Levels and vault maps discovered:
D:1:      elethiomel_arrival_shortcut, layout_basic,
          ebering_ecumenical_altar_sacrificial, minmay_tiny_reverse_x
D:2:      layout_basic, uniq_natasha, uniq_robin, uniq_sigmund
D:3:      layout_loops_ring, nicolae_gozag_seed_capital, portal_sewer_entry_a,
          chequers_jeans, uniq_grinder
D:4:      layout_basic, guppyfry_early_orc_mine, uniq_crazy_yiuf_cottage
D:5:      layout_cave_pools, minmay_temple_entry_waves, solitary_fountain

Skill      XL: |  1  2  3  4  5  6  7  8 |
---------------+-------------------------+-----
Conjurations   | 6 7 8 9 |  9.4
Spellcasting   | 3 4 |  4.2
Air Magic      | 2 3 4 5 |  5.4
Poison Magic   | 1 2 3 4 |  4.0
Dodging        | |  2.1
Stealth        | |  2.0

Action                   |  1- 3 |  4- 6 |  7- 9 || total
-------------------------+-------+-------+-------++-------
Melee: Dagger            |     6 |    23 |    26 ||    55
       Kick              |     3 |     8 |     9 ||    20
       Peck              |       |     5 |     5 ||    10
       Punch             |       |     1 |       ||     1
 Cast: Magic Dart        |    33 |    11 |     8 ||    52
       Searing Ray       |     6 |     9 |    42 ||    57
Evoke: Wand              |       |     1 |       ||     1
  Use: Scroll            |       |       |     4 ||     4
 Stab: Sleeping          |       |     1 |     2 ||     3
       Invisible         |       |     2 |       ||     2
Armor: Robe              |     2 |       |       ||     2
       Animal skin       |       |     4 |     7 ||    11
Dodge: Dodged            |     6 |    17 |    26 ||    49
